Map: Echo LE (Void)

Players

Bop

  • Race: Zerg Zerg

Bones - Winner!

  • Race: Protoss Protoss

VOD

Have the link to the VOD?

Description

Time

  • Played on: May 1, 2015, 12:59 a.m.
  • Length: 30:37
Show
View Real Time Build Order
Export as new Build Order

Bop Zerg 

Build Orders: Hatch First, Swarm Host 

Get SALT Encoding   

  12  0:01  Drone  
  13  0:09  Drone  
  14  0:19  Extractor  
  14  0:20  Drone  
  14  0:21  Drone, Extractor  
  16  0:43  Hatchery  
  15  0:50  Extractor  
  15  0:56  Spawning Pool  
  14  1:06  Overlord  
  14  1:13  Drone, Extractor  
  14  1:26  Drone x2  
  14  1:31  Drone  
  17  1:42  Drone  
  17  1:43  Queen  
  20  1:53  Drone  
  21  1:55  Queen  
  21  1:59  Drone  
  24  2:03  Zergling x2  
  25  2:11  Drone  
  26  2:17  Drone x2  
  26  2:20  Lair  
  28  2:25  Overlord  
  28  2:44  Drone x4  
  28  2:49  Overlord  
  28  2:50  Queen  
  34  3:00  Drone x2  
  36  3:05  Metabolic Boost  
  36  3:09  Roach Warren  
  35  3:15  Drone x4  
  35  3:19  Overlord  
  38  3:30  Drone x5  
  38  3:34  Overlord  
  41  3:41  Extractor  
  41  3:46  Infestation Pit  
  41  3:47  Drone x3  
  42  3:50  Drone x2  
  44  3:57  Drone x3  
  44  4:02  Overlord  
  47  4:04  Overseer  
  47  4:13  Zergling x2  
  48  4:18  Extractor  
  48  4:19  Drone x3, Extractor  
  48  4:20  Drone x2  
  54  4:31  Swarm Host  
  54  4:35  Overlord  
  57  4:39  Spore Crawler  
  57  4:40  Spore Crawler, Drone  
  57  4:43  Spore Crawler, Drone  
  57  4:44  Drone  
  57  4:52  Swarm Host  
  57  4:58  Drone  
  61  5:03  Zergling x2  
  65  5:12  Swarm Host  
  68  5:20  Burrow  
  68  5:25  Overlord  
  68  5:35  Overlord  
  68  5:43  Swarm Host  
  74  5:50  Overlord x2  
  72  5:59  Queen  
  74  6:12  Glial Reconstitution  
  74  6:14  Roach x8  
  90  6:26  Swarm Host  
  90  6:31  Queen  
  98  6:54  Overlord  
  97  7:11  Swarm Host  
  97  7:14  Overlord x2  
  100  7:16  Ravager x6  
  100  7:17  Ravager  
  107  7:23  Evolution Chamber  
  107  7:28  Zergling x2  
  107  7:29  Zergling x14  
  108  7:30  Overlord x2  
  108  7:47  Swarm Host x2  
  117  7:52  Ravager  
  114  7:59  Hatchery  
  113  8:12  Swarm Host  
  113  8:13  Queen x2  
  113  8:14  Overlord  
  117  8:23  Drone x2  
  117  8:24  Drone  
  120  8:28  Swarm Host  
  126  8:54  Swarm Host  
  132  9:09  Pathogen Glands  
  132  9:14  Drone x12  
  116  9:53  Queen  
  118  10:00  Hive  
  118  10:13  Infestor, Extractor  
  118  10:14  Infestor x3  
  119  10:15  Spore Crawler  
  119  10:16  Spore Crawler  
  119  10:18  Queen  
  119  10:19  Spore Crawler  
  119  10:20  Drone x4  
  128  10:21  Extractor  
  128  10:26  Spore Crawler  
  128  10:28  Spore Crawler  
  125  10:29  Queen  
  127  10:51  Infestor x3  
  127  10:54  Queen  
  135  11:01  Zerg Missile Weapons Level 1  
  135  11:04  Queen  
  137  11:16  Zergling x4  
  137  11:17  Overseer  
  139  11:22  Viper x2  
  139  11:25  Queen  
  145  11:30  Queen  
  148  11:40  Queen  
  150  11:47  Overlord  
  150  11:48  Overlord x3  
  134  12:19  Swarm Host x4  
  158  12:31  Overlord  
  158  12:40  Viper  
  158  12:41  Viper  
  164  12:51  Hatchery  
  163  13:03  Overlord  
  163  13:04  Queen x3  
  169  13:10  Drone x8  
  174  13:37  Zergling x10  
  174  13:38  Zergling x2  
  180  13:41  Extractor  
  180  13:43  Extractor  
  175  14:08  Queen x4  
  181  14:14  Zergling x18  
  181  14:15  Zergling x4  
  165  15:04  Drone x6  
  164  15:24  Spire  
  164  15:26  Spine Crawler  
  164  15:28  Spine Crawler  
  161  15:36  Spine Crawler  
  160  15:48  Viper x5  
  163  16:43  Spore Crawler  
  163  16:44  Spore Crawler x3  
  163  16:45  Spore Crawler x2  
  163  16:46  Spore Crawler x3  
  154  16:47  Spore Crawler x3  
  154  16:48  Spore Crawler  
  147  17:17  Drone x6  
  149  17:26  Zergling x2  
  149  17:27  Zergling x10  
  155  17:40  Roach  
  155  17:41  Roach x8  
  173  17:52  Hatchery  
  168  18:03  Ravager x3  
  168  18:04  Ravager x6  
  176  18:29  Zerg Missile Weapons Level 2  
  176  18:30  Zerg Flyer Weapons Level 1  
  176  18:33  Drone x12  
  188  19:09  Spine Crawler  
  187  19:10  Extractor  
  187  19:11  Spine Crawler x2  
  187  19:13  Overseer  
  163  19:34  Zergling x2  
  163  19:35  Zergling x28  
  163  19:36  Adrenal Glands  
  163  20:15  Evolution Chamber  
  163  20:16  Evolution Chamber, Drone x7  
  146  21:10  Swarm Host x3  
  146  21:11  Swarm Host x6  
  149  21:21  Zergling x6  
  138  22:04  Queen  
  138  22:05  Queen x3  
  143  22:08  Zerg Missile Weapons Level 3, Zerg Melee Weapons Level 1  
  143  22:09  Zerg Ground Armor Level 1  
  140  22:33  Zergling x22  
  150  22:40  Queen  
  151  22:52  Overseer  
  143  23:44  Drone x3  
  143  23:45  Overlord x2  
  141  23:50  Corruptor x5  
  144  23:56  Drone x5  
  146  24:26  Overseer  
  146  24:29  Corruptor x2  
  149  25:17  Queen x4  
  155  25:26  Zergling x2  
  155  25:27  Zergling x24  
  160  26:03  Zerg Melee Weapons Level 2  
  160  26:04  Zerg Ground Armor Level 2  
  127  27:05  Hatchery  
  125  27:28  Zergling x2  
  125  27:29  Zergling x8  
  118  28:20  Drone x6  
  122  28:39  Viper  
  95  28:44  Viper  
  86  29:32  Viper  
  86  29:33  Viper x2  
  86  29:35  Drone x8  
  86  29:37  Extractor x2  
Show
View Real Time Build Order
Export as new Build Order

Bones Protoss - Winner!

Build Orders: Nexus First 

Get SALT Encoding   

  12  0:01  Probe  
  13  0:14  Probe  
  14  0:40  Nexus  
  14  0:50  Pylon  
  14  1:08  Probe (Chrono Boost)  
  14  1:10  Gateway  
  16  1:20  Probe (Chrono Boost)  
  16  1:27  Probe (Chrono Boost)  
  17  1:37  Probe (Chrono Boost)  
  18  1:44  Probe (Chrono Boost)  
  18  1:45  Assimilator x2  
  19  1:52  Probe (Chrono Boost)  
  20  2:00  Probe (Chrono Boost)  
  22  2:01  Cybernetics Core  
  22  2:02  Probe (Chrono Boost)  
  22  2:06  Probe (Chrono Boost)  
  22  2:07  Zealot  
  25  2:14  Probe (Chrono Boost)  
  26  2:18  Probe (Chrono Boost)  
  28  2:24  Probe (Chrono Boost)  
  28  2:25  Probe (Chrono Boost), Pylon  
  29  2:34  Probe  
  29  2:35  Probe  
  31  2:37  Adept (Chrono Boost)  
  31  2:38  Warp Gate  
  31  2:43  Assimilator  
  32  2:46  Probe (Chrono Boost)  
  32  2:47  Assimilator  
  34  2:54  Probe (Chrono Boost)  
  34  2:58  Mothership Core (Chrono Boost)  
  36  3:05  Pylon  
  37  3:07  Probe (Chrono Boost)  
  37  3:12  Probe (Chrono Boost)  
  38  3:15  Stalker  
  38  3:19  Probe (Chrono Boost)  
  42  3:20  Probe (Chrono Boost)  
  42  3:28  Probe (Chrono Boost)  
  42  3:29  Probe (Chrono Boost)  
  44  3:40  Probe (Chrono Boost)  
  44  3:41  Probe (Chrono Boost)  
  44  3:44  Stargate  
  44  3:46  Stargate  
  45  3:48  Probe (Chrono Boost)  
  45  3:51  Probe (Chrono Boost)  
  45  3:53  Pylon  
  46  3:57  Probe  
  46  4:02  Probe  
  48  4:06  Sentry  
  48  4:09  Probe  
  51  4:15  Probe  
  52  4:19  Pylon  
  52  4:20  Pylon  
  52  4:21  Probe  
  52  4:24  Forge  
  53  4:29  Oracle x2 (Chrono Boost)  
  59  4:32  Probe  
  59  4:37  Probe  
  61  4:43  Gateway x2  
  61  4:46  Pylon  
  61  4:53  Sentry  
  61  4:58  Protoss Shields Level 1 (Chrono Boost)  
  61  4:59  Pylon  
  63  5:10  Photon Cannon  
  63  5:11  Void Ray (Chrono Boost)  
  67  5:18  Void Ray (Chrono Boost)  
  72  5:35  Probe x2  
  73  5:48  Fleet Beacon  
  73  5:54  Probe x2  
  83  5:57  Pylon  
  83  6:09  Probe  
  83  6:10  Probe  
  85  6:12  Pylon  
  85  6:21  Void Ray x2 (Chrono Boost)  
  85  6:35  Pylon  
  85  6:36  Pylon  
  85  6:37  Pylon  
  85  6:43  Photon Cannon, Carrier x2 (Chrono Boost)  
  85  6:45  Photon Cannon  
  85  6:50  Pylon  
  85  6:52  Pylon  
  85  7:00  Graviton Catapult (Chrono Boost)  
  97  7:24  Photon Cannon  
  97  7:40  Carrier (Chrono Boost)  
  97  7:43  Carrier (Chrono Boost)  
  97  7:46  Twilight Council  
  97  7:47  Pylon  
  97  7:53  Zealot x3  
  115  8:15  Protoss Shields Level 2 (Chrono Boost)  
  115  8:16  Nexus  
  115  8:19  Pylon  
  115  8:31  Protoss Air Weapons Level 1 (Chrono Boost)  
  115  8:33  Photon Cannon x2  
  115  8:37  Photon Cannon  
  115  8:39  Photon Cannon  
  115  8:42  Assimilator  
  115  8:45  Assimilator  
  115  8:53  Shield Upgrade, Robotics Facility  
  115  8:58  Gateway  
  115  8:59  Gateway  
  115  9:18  Carrier x2 (Chrono Boost)  
  115  9:29  Gateway  
  115  9:35  Gateway  
  110  9:43  Probe  
  110  9:44  Probe  
  124  9:55  Probe  
  125  10:03  Nexus  
  125  10:05  Photon Cannon  
  125  10:11  Protoss Shields Level 3 (Chrono Boost)  
  125  10:26  Templar Archives  
  125  10:51  Observer (Chrono Boost)  
  125  10:54  Nexus  
  125  10:56  Photon Cannon  
  126  10:59  Photon Cannon  
  126  11:03  Probe, Photon Cannon  
  127  11:06  Probe  
  128  11:20  Protoss Air Weapons Level 2 (Chrono Boost)  
  128  11:21  Psionic Storm  
  128  11:53  Carrier x2 (Chrono Boost)  
  140  12:25  High Templar x4  
  148  12:33  Charge (Chrono Boost)  
  148  12:47  Warp Prism (Chrono Boost)  
  148  12:48  Protoss Ground Weapons Level 1 (Chrono Boost)  
  144  13:00  High Templar  
  146  13:08  Nexus  
  146  13:09  Pylon  
  146  13:12  Pylon  
  146  13:19  Adept x2  
  150  13:20  Adept x2  
  154  13:46  Photon Cannon  
  154  13:50  Photon Cannon  
  154  13:52  Assimilator  
  154  13:57  Assimilator  
  154  14:22  Adept x5  
  164  14:26  Gateway  
  164  14:29  Gateway x3  
  162  14:49  Protoss Ground Weapons Level 2 (Chrono Boost)  
  158  15:05  Pylon  
  158  15:06  Pylon  
  154  15:10  Pylon  
  154  15:16  Pylon  
  154  15:17  Pylon  
  154  15:18  Pylon  
  154  15:21  Pylon  
  154  15:22  Pylon  
  154  15:25  Probe  
  154  15:26  Probe x2  
  157  15:38  Photon Cannon  
  157  15:41  Photon Cannon  
  157  15:47  Photon Cannon  
  157  15:49  Photon Cannon  
  157  15:56  Adept x6  
  169  15:57  Adept, Photon Cannon  
  169  16:00  Photon Cannon  
  171  16:04  Photon Cannon  
  171  16:07  Protoss Air Weapons Level 3, Photon Cannon  
  167  16:15  Pylon  
  159  16:19  Pylon  
  155  16:29  Observer (Chrono Boost)  
  154  16:38  Stargate  
  154  16:39  Stargate  
  154  16:41  Stargate  
  154  16:42  Pylon  
  154  16:43  Observer (Chrono Boost)  
  155  16:53  Robotics Bay  
  155  16:59  Adept x4, Observer (Chrono Boost)  
  164  17:05  Protoss Ground Weapons Level 3 (Chrono Boost)  
  164  17:13  Nexus  
  164  17:14  Pylon  
  162  17:17  Assimilator  
  162  17:21  Assimilator  
  145  17:35  High Templar  
  139  17:37  Nexus  
  139  17:40  Photon Cannon  
  139  17:44  Photon Cannon x2  
  139  17:46  Photon Cannon  
  137  18:00  High Templar x2  
  137  18:01  High Templar x4  
  143  18:10  Archon x2  
  143  18:11  Archon  
  145  18:23  Disruptor (Chrono Boost)  
  145  18:25  Observer Gravitic Boosters  
  145  18:35  Adept  
  145  18:36  Adept  
  149  18:47  Disruptor  
  149  19:02  Adept  
  149  19:07  Observer (Chrono Boost)  
  152  19:16  Protoss Ground Armor Level 1 (Chrono Boost)  
  152  19:28  Dark Shrine  
  152  19:35  Nexus  
  152  19:36  Adept  
  152  19:37  Adept x3  
  160  19:51  Disruptor (Chrono Boost)  
  160  20:04  Adept x4  
  160  20:05  Adept  
  152  20:45  Nexus  
  135  21:25  Adept  
  137  21:27  Nexus  
  122  22:03  Probe x3  
  125  22:38  Adept x2  
  125  22:39  Adept x2  
  130  22:45  Oracle x2 (Chrono Boost)  
  134  22:53  Photon Cannon  
  134  23:04  Adept x2  
  138  23:12  Adept x2  
  133  23:23  Probe x4  
  135  23:53  Protoss Ground Armor Level 2 (Chrono Boost)  
  135  23:55  Protoss Air Armor Level 1 (Chrono Boost)  
  129  24:22  Nexus  
  126  24:25  Probe  
  126  24:26  Probe  
  128  24:36  Dark Templar  
  130  24:41  Pylon  
  130  25:05  Carrier (Chrono Boost)  
  136  25:32  Photon Cannon  
  136  25:40  Carrier (Chrono Boost)  
  128  26:16  Nexus  
  128  26:32  High Templar  
  121  27:01  Nexus  
  121  27:19  Adept  
  123  27:27  Oracle x2 (Chrono Boost)  
  129  27:32  Probe  
  131  27:44  Probe  
  131  28:01  Probe x2  
  131  28:02  Probe x3  
  136  28:16  Oracle (Chrono Boost)  
  136  28:22  Probe (Chrono Boost)  
  140  28:29  Probe x3 (Chrono Boost)  
  140  28:32  Probe (Chrono Boost)  
  141  28:37  Disruptor x2  
  141  28:38  Probe (Chrono Boost)  
  141  29:00  Probe (Chrono Boost)  
  143  29:03  Probe (Chrono Boost)  
  143  29:06  Archon  
  143  29:07  Carrier x2 (Chrono Boost)  
  144  29:11  Probe (Chrono Boost)  
  144  29:12  Probe (Chrono Boost)  
  145  29:17  Probe  
  145  29:19  Probe  
  145  29:24  Disruptor  
  147  29:27  Disruptor  
  160  29:37  Assimilator  
  160  29:38  Assimilator  
  160  29:39  Dark Templar  
  154  30:25  Pylon  
Tags
 
Add a new tag
Caveats
  • Supply blocks, unpowered buildings, or Contaminate may cause inaccurate times.
  • Supply counts are checked every 10 seconds.